 Dungeon Crawl Stone Soup version 0.21.0 (webtiles) character file.

419 mortelune the Digger (level 6, 0/49 HPs)
             Began as a Deep Dwarf Earth Elementalist on Jan 5, 2018.
             Killed by divine providence
             ... invoked by an orc priest
              (10 damage)
             ... on level 4 of the Dungeon.
             The game lasted 00:12:25 (4102 turns).

mortelune the Digger (DDEE)                         Turns: 4102, Time: 00:12:25

Health: 0/49       AC:  2    Str: 12    XL:     6   Next: 62%
Magic:  6/10       EV: 12    Int: 17    God:
Gold:   164        SH:  0    Dex: 13    Spells: 7/11 levels left

rFire    . . .     SeeInvis .   y - +0 battleaxe
rCold    . . .     Gourm    .   (shield currently unavailable)
rNeg     . . .     Faith    .   c - +0 robe
rPois    .         Spirit   .   (no helmet)
rElec    .         Reflect  .   (no cloak)
rCorr    .         Harm     .   (no gloves)
MR       .....                  (no boots)
Stlth    ++........             (no amulet)
HPRegen  0.00/turn              (no ring)
MPRegen  0.12/turn              (no ring)

@: non-regenerating
A: damage resistance, heal wounds, sense surroundings 1, no regeneration
a: Heal Wounds


You were on level 4 of the Dungeon.
You were not hungry.

You visited 1 branch of the dungeon, and saw 4 of its levels.

You collected 164 gold pieces.

Inventory:

Hand Weapons
 h - a +0 flail
 i - a +2 dagger of venom
 o - a +0 dagger
 s - a -2 hand axe
 y - a +0 battleaxe (weapon)
Missiles
 b - 92 stones (quivered)
Armour
 c - a +0 robe (worn)
 v - a +0 chain mail
Wands
 x - a wand of flame (29)
Scrolls
 a - a scroll of fear
 f - a scroll of magic mapping {unknown}
 g - 2 scrolls of random uselessness {unknown}
 j - a scroll of remove curse
 n - a scroll of enchant armour {unknown}
 q - a scroll of immolation {unknown}
 u - a scroll of identify
 w - a scroll of blinking {unknown}
Potions
 k - a potion of might {unknown}
 l - 2 potions of haste
 m - a potion of magic {unknown}
 p - 2 potions of curing
 r - 2 potions of invisibility
 t - a potion of brilliance {unknown}
 A - a potion of ambrosia {unknown}
Books
 e - a book of Geomancy

   Spells                             Type                      Level
   a - Sandblast                      Earth                        1
   b - Passwall                       Transmutation/Earth          2
   c - Stone Arrow                    Conjuration/Earth            3
   d - Petrify                        Transmutation/Earth          4
   e - Lee's Rapid Deconstruction     Earth                        5
Comestibles
 d - 8 rations


   Skills:
 + Level 3.4 Armour
 - Level 2.1 Dodging
 - Level 2.4 Stealth
 + Level 3.2 Spellcasting
   Level 0.8 Transmutations
 * Level 7.6 Earth Magic


You had 7 spell levels left.
You knew the following spells:

 Your Spells              Type           Power        Failure   Level  Hunger
a - Sandblast             Erth           ####..       1%          1    None
b - Stone Arrow           Conj/Erth      ###...       11%         3    ###....


Dungeon Overview and Level Annotations

Branches:
Dungeon (4/15)
 Temple: D:4-7

Altars:
Yredelemnul

Annotations:
D:4 Sigmund


Innate Abilities, Weirdness & Mutations

You are resistant to damage.
You can heal yourself by infusing magical energy.
You passively map a small area around you.
You do not regenerate.


Message History

The blast of sand hits the orc wizard.
You kill the orc wizard!
b - 92 stones The hound barks!
You hear a bark!
You hear a shout!
A hound comes into view.
The orc priest looks encouraged for a moment.
The hound closely misses you.
You barely miss the hound. You hit the bush but do no damage. x2
The hound bites the bush. x2; The orc hits you with a hand axe.
* * * LOW HITPOINT WARNING * * *
The hound bites the bush but does no damage.
Sigmund the Dreaded comes into view.
He is wielding a scythe of protection.
You barely miss the hound. x2; You hit the orc.
You hit the bush. You hit the bush but do no damage. The hound bites you.
* * * LOW HITPOINT WARNING * * *
The hound bites the bush.
The hound bites you. x2
The hound closely misses you.
The orc priest invokes the aid of Beogh against you.
Beogh smites you!
You die...

###..##.#.....#, , ,
#.....##...## #.#..
#...######## #.#% , , #...#
#.., , ... , , #...# #.# #@#
** , ≈ #..)# #.# ###.# ,, ≈≈
#...# ##.## #...# * * #...#
##...###h#)### *
###...###......h@ho..# ≈
...............PoP...#
.............###'###o....
.............#...'[ <#....,≈
###...###....#...###.#...P≈*
#..........#...' *.# ##≈P
#....#####.##### .# ≈ #....
#.# ## * ≈ #..... #.. ,, ≈ ≈


You could see Sigmund, 3 hounds, an orc priest and 2 orcs.

Vanquished Creatures
  Blork the orc (D:4)
  An orc priest (D:4)
  4 orc wizards
  An iguana (D:4)
  5 gnolls
  7 adders
  2 worms (D:3)
  2 dart slugs
  4 orcs
  3 giant cockroaches (D:2)
  9 goblins
  10 hobgoblins
  4 jackals
  A quokka (D:3)
  4 bats
  4 frilled lizards
  4 kobolds
  7 rats
  A spectral orc (D:2)
74 creatures vanquished.

Vanquished Creatures (others)
  5 plants (D:4)
5 creatures vanquished.

Grand Total: 79 creatures vanquished

Notes
Turn   | Place    | Note
-------+----------+-------------------------------------------
     0 | D:1      | mortelune the Deep Dwarf Earth Elementalist began the quest for the Orb.
     0 | D:1      | Reached XP level 1. HP: 15/15 MP: 3/3
   229 | D:1      | Reached XP level 2. HP: 22/22 MP: 2/4
   528 | D:1      | Reached skill level 1 in Armour
   847 | D:2      | Reached skill level 5 in Earth Magic
   847 | D:2      | Reached XP level 3. HP: 25/28 MP: 1/6
   930 | D:2      | Learned a level 3 spell: Stone Arrow
  1257 | D:2      | Found a basalt altar of Yredelemnul.
  1588 | D:2      | Reached XP level 4. HP: 32/36 MP: 3/7
  2154 | D:3      | Reached skill level 6 in Earth Magic
  2434 | D:3      | Reached XP level 5. HP: 38/42 MP: 1/9
  3680 | D:4      | Reached skill level 7 in Earth Magic
  3680 | D:4      | Reached XP level 6. HP: 34/49 MP: 3/10
  3860 | D:4      | Noticed Blork the orc
  3870 | D:4      | Killed Blork the orc
  4102 | D:4      | Noticed Sigmund
  4102 | D:4      | Killed from afar by an orc priest

Skill      XL: |  1  2  3  4  5 |
---------------+----------------+-----
Spellcasting   | 2 3 |  3.2
Armour         | 1 2 3 |  3.4
Earth Magic    | 5 6 7 |  7.6
Dodging        | |  2.1
Stealth        | |  2.4
Transmutations | |  0.8

Action                   |  1- 3 |  4- 6 || total
-------------------------+-------+-------++-------
Melee: Dagger            |     2 |     4 ||     6
       Flail             |       |     3 ||     3
       Battleaxe         |       |     2 ||     2
 Cast: Sandblast         |    53 |    70 ||   123
       Stone Arrow       |       |    18 ||    18
 Abil: Heal Wounds       |       |     3 ||     3
  Use: Scroll            |     3 |     2 ||     5
  Eat: Chunk             |     3 |    11 ||    14
Armor: Robe              |     1 |     3 ||     4
Dodge: Dodged            |    10 |    26 ||    36
